 Dungeon Sprint DCSS version 0.23.2-1-ga50397a (webtiles) character file.

Game seed: 8995361128709665712

50764 razor4143 the Slayer (level 14, 0/157 HPs)
             Began as a Minotaur Fighter on May 15, 2019.
             Was the Champion of Zin.
             Killed by vampiric draining
             ... invoked by a vampire knight
              (13 damage)
             ... while paralysed by a vampire knight
             ... in the Dungeon (Sprint IX: "|||||||||||||||||||||||||||||").
             The game lasted 00:10:02 (4086 turns).

razor4143 the Slayer (Minotaur Fighter)             Turns: 4086, Time: 00:10:03

Health: 0/157      AC: 32    Str: 29    XL:     14   Next: 20%
Magic:  26/26      EV:  2    Int:  7    God:    Zin [******]
Gold:   474        SH:  0    Dex: 10    Spells: 13/13 levels left

rFire    . . .     SeeInvis +   s - +2 scimitar (flame)
rCold    . . .     Gourm    .   c - +0 shield
rNeg     . . .     Faith    .   I - +0 storm dragon scales
rPois    .         Spirit   .   z - +3 crown of Dyrovepreva {rElec Int+2 SInv}
rElec    +         Reflect  .   r - +0 cloak
rCorr    .         Harm     .   t - +0 pair of gloves
MR       +....     NoTele   +   b - +1 pair of boots
Stlth    ..........             (no amulet)
HPRegen  0.36/turn              v - +3 ring of strength
MPRegen  0.20/turn              w - +2 ring of protection

@: paralysed
A: retaliatory headbutt, horns 2
a: Recite, Vitalisation, Imprison, Sanctuary, Donate Gold, Renounce Religion


You were in the Dungeon.
You worshipped Zin.
Zin was exalted by your worship.
You were hungry.

You visited 1 branch You collected 1927 gold pieces.
You spent 1435 gold pieces at shops.
You donated 18 gold pieces to Zin.

Inventory:

Hand Weapons
 a - a +0 long sword
 m - a +8 blowgun
 s - a +2 scimitar of flaming (weapon)
 H - a +1 double sword
Missiles
 C - 5 throwing nets (quivered)
Armour
 b - a +1 pair of boots (worn)
 c - a +0 shield (worn)
 r - a +0 cloak (worn)
 t - a +0 pair of gloves (worn)
 z - the +3 crown of Dyrovepreva (worn) {rElec Int+2 SInv}
   (You bought it in a shop in the Dungeon)

   It affects your intelligence (+2).
   It insulates you from electricity.
   It lets you see invisible.
 I - +0 storm dragon scales (worn)
Magical Staves
 q - an uncursed staff of energy
Jewellery
 v - a +3 ring of strength (left hand)
 w - a +2 ring of protection (right hand)
 E - an uncursed ring of protection from cold
 F - an uncursed ring of protection from fire
 G - an uncursed ring of see invisible
Wands
 p - a wand of acid (9)
Scrolls
 k - 3 scrolls of blinking
 n - 7 scrolls of remove curse
 o - 2 scrolls of amnesia
 y - 2 scrolls of fog
 A - 3 scrolls of identify
Potions
 d - 2 potions of might
 e - 6 potions of curing
 g - 8 potions of heal wounds
 h - a potion of haste
 i - 4 potions of magic
 j - 3 potions of berserk rage
 l - a potion of agility
 B - a potion of resistance
 D - a potion of brilliance {unknown}
Miscellaneous
 u - a lamp of fire
 x - a phantom mirror
Comestibles
 f - 9 rations


   Skills:
 + Level 23.6 Fighting
 - Level 14.0 Long Blades
 + Level 23.6 Armour
 - Level 15.0 Shields
 + Level 18.6 Invocations


You had 13 spell levels left.
You didn't know any spells.
Your spell library was empty.

Dungeon Overview and Level Annotations

Branches:
Dungeon (1/1)

Altars:
Cheibriados
Dithmenos
Elyvilon
Fedhas
Gozag
Hepliaklqana
Kikubaaqudgha
Makhleb
Nemelex Xobeh
Okawaru
Qazlal
Ru
Sif Muna
Trog
Uskayaw
Vehumet
Wu Jian
Xom
Yredelemnul
Zin
The Shining One
Beogh
Jiyva
Lugonu

Shops:
D }([}


Innate Abilities, Weirdness & Mutations

You reflexively headbutt those who attack you in melee.
You have a pair of horns on your head.


Message History

You hit the vampire knight but do no damage.
Your headbutt misses the vampire knight.
The vampire knight is almost destroyed.
You block the spriggan berserker's attack.
The vampire knight is infused with unholy energy.
* * * LOW HITPOINT WARNING * * *
The vampire knight draws life force from you and is healed!
You hit the vampire knight. You burn the vampire knight.
The vampire knight is severely damaged.
The spriggan berserker hits you but does no damage.
The vampire knight points at you and mumbles some strange words.
You suddenly lose the ability to move!
You are ready to recite again.
The spriggan berserker hits you with a cursed -3 hand axe!!
* * * LOW HITPOINT WARNING * * *
The vampire knight points at you and mumbles some strange words.
You shrug off the repeated paralysis!
The spriggan berserker hits you but does no damage.
The vampire knight is infused with unholy energy.
You die...

▓▓▓▓▓▓▓▓▓▓▓▓▓▓▓▓▓▓▓▓▓▓▓▓▓
...).†)i@V...............
▓▓▓▓▓▓▓▓▓▓▓▓▓▓▓▓▓▓▓▓▓▓▓▓▓▓▓▓▓▓▓▓▓
.................................
▓▓▓▓▓▓▓▓▓▓▓▓▓▓▓▓▓▓▓▓▓▓▓▓▓▓▓▓▓▓▓▓▓
...§.††.)))÷......)'(†)..........
▓▓▓▓▓▓▓▓▓▓▓▓▓▓▓▓▓▓▓▓▓▓▓▓▓▓▓▓▓▓▓▓▓
.................................
▓▓▓▓▓▓▓▓▓▓▓▓▓▓▓▓▓▓▓▓▓▓▓▓▓▓▓▓▓▓▓▓▓
...[[[[[[[[.)))))))....=.'.......


You could see a vampire knight (invisible) and a spriggan berserker (berserk).

Vanquished Creatures
  Gastronok (D)
  A fire giant (D)
  An emperor scorpion (D)
  A frost giant (D)
  A very ugly thing (D)
  4 stone giants (D)
  Nessos (D)
  A vampire knight (D)
  Azrael (D)
  A merfolk impaler (D)
  A rakshasa (D)
  Josephine (D)
  A great orb of eyes (D)
  A ghost crab (D)
  A hydra (D)
  Harold (D)
  2 ice dragons (D)
  A merfolk avatar (D)
  An anaconda (D)
  A centaur warrior (D)
  A merfolk aquamancer (D)
  A satyr (D)
  A deep troll shaman (D)
  A spriggan berserker (D)
  8 orc high priests (D)
  A naga sharpshooter (D)
  A sea snake (D)
  A glowing orange brain (D)
  2 swamp dragons (D)
  A necromancer (D)
  3 lindwurms (D)
  7 orc knights (D)
  A harpy (D)
  A harpy (shapeshifter) (D)
  2 ugly things (D)
  3 wolf spiders (D)
  A mana viper (D)
  A salamander (D)
  Maurice (D)
  2 guardian serpents (D)
  Psyche (D)
  4 black mambas (D)
  A gargoyle (D)
  A spiny frog (D)
  A kobold demonologist (D)
  3 yaktaurs (D)
  3 komodo dragons (D)
  A tengu conjurer (D)
  4 jumping spiders (D)
  A merfolk (D)
  2 wind drakes (D)
  A polar bear (D)
  3 tyrant leeches (D)
  2 hippogriffs (D)
  A slime creature (D)
  A tarantella (D)
  A tarantella (shapeshifter) (D)
  3 wraiths (D)
  A shadow (D)
  5 fire elementals (D)
  3 vampire mosquitoes (D)
  An insubstantial wisp (D)
  5 water moccasins (D)
  A hell hound (D)
  A porcupine (D)
  12 orc warriors (D)
  A black bear (D)
  An ogre (D)
  A centaur (D)
  A crocodile (D)
  2 bullfrogs (D)
  4 orc priests (D)
  5 orc wizards (D)
  2 worker ants (D)
  An adder zombie (D)
  2 adder skeletons (D)
  2 worms (D)
  3 leopard geckos (D)
  5 orcs (D)
  A bat skeleton (D)
  A bat zombie (D)
  A goblin (D)
  A ball python skeleton (D)
  A ball python zombie (D)
  2 bats (D)
  A rat (D)
165 creatures vanquished.

Vanquished Creatures (others)
  2 alligators (D)
  2 pillars of salt (D)
4 creatures vanquished.

Grand Total: 169 creatures vanquished

Notes
Turn   | Place    | Note
-------+----------+-------------------------------------------
     0 | D        | razor4143 the Minotaur Fighter began the quest for the Orb.
     0 | D        | Reached XP level 1. HP: 19/19 MP: 0/0
    18 | D        | Noticed a worker ant
    18 | D        | Noticed a worker ant
    26 | D        | Killed a worker ant
    26 | D        | Reached skill level 5 in Fighting
    26 | D        | Reached skill level 5 in Armour
    26 | D        | Reached skill level 5 in Shields
    26 | D        | Reached XP level 2. HP: 27/29 MP: 1/1
    26 | D        | Reached XP level 3. HP: 34/36 MP: 2/2
    31 | D        | Reached skill level 5 in Long Blades
    67 | D        | Found a roughly hewn altar of Beogh.
    67 | D        | Found a snail-covered altar of Cheibriados.
    67 | D        | Found a shadowy altar of Dithmenos.
    67 | D        | Found a white marble altar of Elyvilon.
    67 | D        | Found a blossoming altar of Fedhas.
    67 | D        | Found an opulent altar of Gozag.
    68 | D        | Found a hazy altar of Hepliaklqana.
    69 | D        | Found a viscous altar of Jiyva.
    70 | D        | Found an ancient bone altar of Kikubaaqudgha.
    71 | D        | Found a corrupted altar of Lugonu.
    72 | D        | Found a burning altar of Makhleb.
    73 | D        | Found a sparkling altar of Nemelex Xobeh.
    74 | D        | Found an iron altar of Okawaru.
    75 | D        | Found a stormy altar of Qazlal.
    76 | D        | Found a sacrificial altar of Ru.
    77 | D        | Found a deep blue altar of Sif Muna.
    78 | D        | Found a bloodstained altar of Trog.
    79 | D        | Found a hide-covered altar of Uskayaw.
    80 | D        | Found a radiant altar of Vehumet.
    81 | D        | Found an ornate altar of the Wu Jian Council.
    82 | D        | Found a shimmering altar of Xom.
    83 | D        | Found a basalt altar of Yredelemnul.
    84 | D        | Found a glowing silver altar of Zin.
    85 | D        | Found a glowing golden altar of the Shining One.
    92 | D        | Became a worshipper of Zin the Law-Giver
   104 | D        | Got the +2 halberd "Dragon's Nightmare" {venom, +Rage}
   140 | D        | Noticed an ogre
   140 | D        | Noticed a centaur
   142 | D        | Reached XP level 4. HP: 44/44 MP: 3/3
   147 | D        | Killed a centaur
   147 | D        | Reached XP level 5. HP: 52/52 MP: 4/4
   153 | D        | Killed an ogre
   249 | D        | Noticed a slime creature
   249 | D        | Noticed a green ugly thing
   249 | D        | Noticed a gargoyle
   249 | D        | Noticed a centaur warrior
   249 | D        | Noticed a hippogriff
   260 | D        | Killed a hippogriff
   260 | D        | Reached XP level 6. HP: 46/63 MP: 5/5
   267 | D        | Killed a centaur warrior
   267 | D        | Reached skill level 10 in Long Blades
   267 | D        | Reached XP level 7. HP: 37/74 MP: 6/6
   267 | D        | Reached XP level 8. HP: 41/82 MP: 7/7
   276 | D        | Killed a green ugly thing
   276 | D        | Reached * piety under Zin
   283 | D        | Killed a gargoyle
   289 | D        | Killed a slime creature
   588 | D        | Noticed a hippogriff
   588 | D        | Noticed a komodo dragon
   588 | D        | Noticed a komodo dragon
   590 | D        | Reached skill level 1 in Invocations
   590 | D        | Reached XP level 9. HP: 91/91 MP: 8/8
   593 | D        | Noticed a polar bear
   594 | D        | Noticed a seven-headed hydra
   598 | D        | Killed a komodo dragon
   598 | D        | Noticed a komodo dragon
   602 | D        | Killed a komodo dragon
   617 | D        | Killed a one-headed hydra
   621 | D        | Killed a polar bear
   621 | D        | Reached skill level 5 in Invocations
   623 | D        | Killed a komodo dragon
   623 | D        | Reached XP level 10. HP: 29/102 MP: 10/13
   894 | D        | Noticed a spiny frog
   895 | D        | Noticed a black mamba
   909 | D        | Killed a spiny frog
   915 | D        | Killed a black mamba
   953 | D        | Noticed a lindwurm
   953 | D        | Noticed a lindwurm
   953 | D        | Noticed a lindwurm
   956 | D        | Killed a lindwurm
   958 | D        | Killed a lindwurm
   974 | D        | Killed a lindwurm
   974 | D        | Reached skill level 15 in Shields
  1222 | D        | Reached ** piety under Zin
  1222 | D        | Reached skill level 15 in Fighting
  1222 | D        | Reached skill level 15 in Armour
  1411 | D        | Reached *** piety under Zin
  1632 | D        | Noticed Psyche
  1640 | D        | Killed Psyche
  1640 | D        | Reached **** piety under Zin
  1679 | D        | Noticed an orc high priest
  1687 | D        | Reached XP level 11. HP: 82/113 MP: 16/16
  1699 | D        | Killed an orc high priest
  1709 | D        | Reached ***** piety under Zin
  1709 | D        | Reached ****** piety under Zin
  1832 | D        | Noticed an orc high priest
  1842 | D        | Noticed a soul eater
  1861 | D        | Killed an orc high priest
  1900 | D        | Reached skill level 10 in Invocations
  2097 | D        | Found Zerphaur's Gadget Boutique.
  2097 | D        | Noticed an orc high priest
  2097 | D        | Noticed an orc high priest
  2097 | D        | Noticed an orc knight
  2097 | D        | Noticed an orc high priest
  2097 | D        | Noticed an orc high priest
  2103 | D        | Killed an orc high priest
  2107 | D        | Noticed a soul eater
  2110 | D        | Killed an orc high priest
  2121 | D        | Killed an orc knight
  2128 | D        | Killed an orc high priest
  2128 | D        | Noticed an orc knight
  2132 | D        | Noticed an orc knight
  2133 | D        | Killed an orc high priest
  2136 | D        | Found Edehogud's Armour Shop.
  2136 | D        | Noticed an orc knight
  2142 | D        | Killed an orc knight
  2143 | D        | Noticed an orc knight
  2146 | D        | Killed an orc knight
  2153 | D        | Killed an orc knight
  2153 | D        | Noticed an orc knight
  2154 | D        | Found Xioj's Antique Weapon Boutique.
  2159 | D        | Noticed an orc high priest
  2160 | D        | Killed an orc knight
  2162 | D        | Found Haov Umm's Gadget Shop.
  2162 | D        | Noticed an orc knight
  2167 | D        | Killed an orc knight
  2168 | D        | HP: 3/118 [orc high priest/+0 halberd (15)]
  2178 | D        | Killed an orc high priest
  2193 | D        | Killed an orc knight
  2193 | D        | Reached XP level 12. HP: 29/127 MP: 20/20
  2526 | D        | Noticed an orc high priest
  2535 | D        | Killed an orc high priest
  2549 | D        | Bought a lamp of fire for 560 gold pieces
  2553 | D        | Bought the +3 crown of Dyrovepreva {rElec Int+2 SInv} for
                  | 455 gold pieces
  2553 | D        | Found the +3 crown of Dyrovepreva {rElec Int+2 SInv}
  2566 | D        | Bought a wand of acid (2) for 120 gold pieces
  2566 | D        | Bought a phantom mirror for 300 gold pieces
  2617 | D        | Noticed Harold
  2618 | D        | Noticed Josephine
  2624 | D        | Killed Josephine
  2632 | D        | Killed Harold
  2666 | D        | Noticed Maurice
  2667 | D        | Noticed Gastronok
  2685 | D        | Killed Gastronok
  2690 | D        | Killed Maurice
  2810 | D        | Noticed a stone giant
  2812 | D        | Noticed a rakshasa
  2815 | D        | Noticed a great orb of eyes
  2818 | D        | Noticed a deep troll shaman
  2824 | D        | Killed a stone giant
  2836 | D        | Noticed a stone giant
  2839 | D        | Killed a rakshasa
  2843 | D        | Noticed a stone giant
  2845 | D        | Killed a great orb of eyes
  2852 | D        | Killed a deep troll shaman
  2857 | D        | Killed a stone giant
  2977 | D        | Noticed an anaconda
  2984 | D        | Reached skill level 15 in Invocations
  2997 | D        | Reached XP level 13. HP: 101/140 MP: 21/23
  3211 | D        | Noticed a merfolk impaler
  3236 | D        | Killed a merfolk impaler
  3298 | D        | Noticed an emperor scorpion
  3324 | D        | Killed an emperor scorpion
  3613 | D        | Noticed Nessos
  3627 | D        | Killed Nessos
  3702 | D        | Noticed Azrael
  3727 | D        | Killed Azrael
  4013 | D        | Noticed a vampire knight
  4013 | D        | Noticed a stone giant
  4013 | D        | Noticed a red very ugly thing
  4027 | D        | Noticed a frost giant
  4029 | D        | Noticed a stone giant
  4033 | D        | Killed a red very ugly thing
  4036 | D        | Killed a vampire knight
  4039 | D        | Killed a stone giant
  4039 | D        | Reached XP level 14. HP: 143/157 MP: 21/26
  4046 | D        | Killed a frost giant
  4046 | D        | Noticed a fire giant
  4049 | D        | Noticed a vampire knight
  4050 | D        | Killed a stone giant
  4066 | D        | Killed a fire giant
  4070 | D        | Paralysed by a vampire knight for 2 turns
  4084 | D        | Paralysed by a vampire knight for 5 turns
  4086 | D        | Killed from afar by a vampire knight

Skill      XL: |  1  2  3  4  5  6  7  8  9 10 11 12 13 |
---------------+----------------------------------------+-----
Fighting       | 5 7 9 11 12 13 15 18 20 23 | 23.6
Armour         | 5 7 9 11 12 13 15 18 20 23 | 23.6
Shields        | 5 7 9 11 12 13 15 | 15.0
Long Blades    | 4 5 6 9 10 12 13 14 | 14.0
Invocations    | 1 5 8 12 15 18 | 18.6

Action                   |  1- 3 |  4- 6 |  7- 9 | 10-12 | 13-15 || total
-------------------------+-------+-------+-------+-------+-------++-------
Melee: Long sword        |    23 |       |       |       |       ||    23
       Headbutt          |     5 |     4 |    14 |    91 |    53 ||   167
       Scimitar          |     1 |    26 |    54 |   335 |   183 ||   599
Invok: Recite            |       |       |       |     8 |     4 ||    12
       Vitalisation      |       |       |       |     2 |     1 ||     3
Evoke: Wand              |       |       |       |     2 |     1 ||     3
       Lamp of fire      |       |       |       |       |     7 ||     7
  Use: Potion            |     1 |       |       |     2 |     1 ||     4
 Stab: Invisible         |       |     2 |       |     8 |       ||    10
       Paralysed         |       |       |       |     9 |       ||     9
       Confused          |       |       |       |     7 |     3 ||    10
  Eat: Chunk             |       |       |       |     2 |     1 ||     3
       Ration            |       |       |       |     2 |       ||     2
Armor: Scale mail        |    10 |       |       |       |       ||    10
       Chain mail        |       |    23 |    27 |    19 |       ||    69
       Plate armour      |       |       |       |    23 |       ||    23
       Storm dragon scal |       |       |       |    21 |    88 ||   109
Dodge: Dodged            |     7 |     6 |    11 |    33 |    41 ||    98
Block: Shield            |    13 |    16 |    30 |   114 |    94 ||   267
       Rpst.: Long sword |     5 |       |       |       |       ||     5
       Scimitar          |       |     1 |     1 |     5 |     6 ||    13
